 Dungeon Crawl Stone Soup version 0.30.0-20-g3615ddf2f0 (webtiles) character file.

Game seed: 15920080726931368250

20 qw the Shield-Bearer (level 2, 0/19 HPs)
             Began as a Gargoyle Fighter on May 29, 2023.
             Slain by Sigmund
             ... wielding a +2 scythe of freezing
              (2 damage)
             ... on level 2 of the Dungeon.
             The game lasted 00:00:22 (675 turns).

qw the Shield-Bearer (Gargoyle Fighter)              Turns: 675, Time: 00:00:23

Health: 0/19       AC:  9    Str: 19    XL:     2   Next: 79%
Magic:  2/2        EV:  9    Int:  8    God:
Gold:   56         SH:  4    Dex:  9    Spells: 1/1 levels left

rFire   . . .        Y - +1 war axe
rCold   . . .        c - +0 buckler
rNeg    + . .        b - +0 scale mail
rPois   inf          (no helmet)
rElec   +            (no cloak)
rCorr   .            (no gloves)
SInv    .            (no boots)
Will    .....        f - amulet of the acrobat Stlth
                     (no ring)
HPRegen 0.23/turn    (no ring)
MPRegen 0.08/turn

%: acrobat
@: no status effects
A: sickness immunity, AC +2, negative energy resistance 1, electricity
resistance, torment resistance 1, petrification resistance
a: no special abilities


You were on level 2 of the Dungeon.
You visited 1 branch of the dungeon, and saw 2 of its levels.

You collected 56 gold pieces.


Innate Abilities, Weirdness & Mutations

You are immune to sickness and miasma.
Your stone body is resilient. (AC +2)
You are immune to poison.
You resist negative energy. (rN+)
You are resistant to electric shocks. (rElec)
You are resistant to unholy torment.
You are immune to petrification.


   Skills:
 - Level 3.2 Fighting
 + Level 2.9 Axes
 - Level 3.2 Armour
 - Level 3.2 Shields


You had one spell level left.
You didn't know any spells.
Your spell library was empty.

Inventory:

Hand Weapons
 l - a +0 club
 Y - a +1 war axe (weapon)
Armour
 b - a +0 scale mail (worn)
 c - a +0 buckler (worn)
Jewellery
 f - an amulet of the acrobat (around neck)
Scrolls
 k - a scroll of identify
Potions
 a - a potion of heal wounds {unknown}
 d - a potion of might
 h - a potion of magic {unknown}
 i - a potion of flight {unknown}
 m - a potion of resistance {unknown}
 o - a potion of ambrosia {unknown}

Dungeon Overview and Level Annotations

Branches:
Dungeon (2/15)

Altars:

Annotations:
D:2 Sigmund


Message History

Done exploring.
(D) Dungeon
Where to? (* - list waypoints, ? - help)
What level of the Dungeon? (default 1, ? - help)
There is a stone staircase leading down here.
You climb downwards.
Found an amethyst potion.
There is a stone staircase leading up here.
Waypoint 1 assigned to D:2.
a - an amethyst potion You enter the shallow water.
Moving in this stuff is going to be slow.
You feel your willpower return.
You open the door.
Found 5 poisoned darts.
There is an open door here.
Found a leather armour.
Sigmund the Dreaded comes into view.
He is wielding a +2 scythe of freezing.
Sigmund shouts!
Sigmund gestures at you while chanting.
You are confused.
Sigmund casts a spell at you. The puff of flame hits you!
Ouch! That really hurt!
Sigmund casts a spell at you. The puff of flame misses you.
You feel less confused. Sigmund hits you but does no damage.
You closely miss Sigmund. Sigmund closely misses you.
You barely miss Sigmund.
Sigmund hits you with a +2 scythe of freezing.
Sigmund freezes you.
You barely miss Sigmund.
Sigmund gestures wildly while chanting.
Sigmund flickers and vanishes!
Deactivating autopickup; reactivate with Ctrl-A.
You slash something! Something hits you.
You die...

..7.7 #.. #..#.#
###.7.7##.# #.#..#
##.#.7.7#..###(#..#
####....7.7#..##.....###
+.......................
####....#####.##.#...###
#.........#........#
#.###.###.###...#### #
#@# ##.## #.{# #.# ##.#
#.# .# #.# .# #.# .. #..
.# ### ##


There were no monsters in sight!

Vanquished Creatures
  3 endoplasms (D:1)
  2 giant cockroaches (D:1)
  A goblin (D:1)
  3 hobgoblins (D:1)
  A ball python (D:1)
  A bat (D:1)
  2 frilled lizards (D:1)
  2 kobolds (D:1)
  4 rats (D:1)
19 creatures vanquished.

Notes
Turn   | Place    | Note
-------+----------+-------------------------------------------
     0 | D:1      | qw the Gargoyle Fighter began the quest for the Orb.
     0 | D:1      | Reached XP level 1. HP: 14/14 MP: 1/1
     0 | D:1      | 0 ||| qw: Version: 0.2-a-102-g2b76a06
     0 | D:1      | 0 ||| qw: Game counter: 453
     0 | D:1      | 0 ||| qw: Always use a shield: true
     0 | D:1      | 0 ||| qw: God list: Okawaru
     0 | D:1      | 0 ||| qw: Allow faded altars: false
     0 | D:1      | 0 ||| qw: Do Orc after D:15 true
     0 | D:1      | 0 ||| qw: Do second Lair branch before Depths: true
     0 | D:1      | 0 ||| qw: Lair rune preference: random
     0 | D:1      | 0 ||| qw: Plans: Normal, Zot:1-4, Slime:5, God:TSO, Crypt,
                  | Tomb, Pan, Hells, Abyss, Win
     0 | D:1      | 0 ||| PLANNING D:1-11
   317 | D:1      | Reached XP level 2. HP: 15/19 MP: 2/2
   584 | D:1      | 584 ||| UPGRADING to amulet of the acrobat.
   589 | D:1      | 589 ||| READING scroll labelled HUUGIR GEEWK.
   590 | D:1      | 590 ||| READING scroll labelled JAKIFA DIDUKYN.
   591 | D:1      | 591 ||| READING scroll labelled OXKIENAOLI.
   592 | D:1      | 592 ||| READING 2 scrolls labelled EZXUGU FIOSCH.
   593 | D:1      | 593 ||| READING scroll labelled ENU PITTEICW.
   663 | D:2      | Noticed Sigmund
   673 | D:2      | HP: 2/19 [Sigmund/+2 scythe of freezing (3)]
   675 | D:2      | Slain by Sigmund

Levels and vault maps discovered:
D:1:      lightli_arrival_lavapool, layout_basic, amethyst_killhole,
          nicolae_figureground_pulse
D:2:      layout_loops_corners, serial_forest, infiniplex_forest_clump_curved,
          infiniplex_forest_pool, infiniplex_forest_straight_2,
          infiniplex_forest_end_3, uniq_sigmund

Skill      XL: |  1 |
---------------+----+-----
Axes           | 2 |  2.9
Fighting       | |  3.2
Armour         | |  3.2
Shields        | |  3.2

Action                     || total
---------------------------++-------
  Melee: War axe           ||    39
    Use: Scroll            ||     5
 Armour: Scale mail        ||    10
  Dodge: Dodged            ||    15
  Block: Buckler           ||     9

Table legend:
 A = Non-vault XP
 B = Vault XP
 C = Vault XP percentage of total XP
 D = Non-vault monster count
 E = Vault monster count
 F = Vault count percentage of total count
                 A         B        C        D         E       F
            +---------+---------+-------+---------+---------+-------
      Total |      29 |       0 |   0.0 |      19 |       0 |   0.0
            +---------+---------+-------+---------+---------+-------
        D:1 |      29 |       0 |   0.0 |      19 |       0 |   0.0
            +---------+---------+-------+---------+---------+-------
